 Dungeon Crawl Stone Soup version 0.28-a0-511-gcc94558de3 (webtiles) character file.

Game seed: 18023438621154487856

24566 AlleluiaPinecone the Cleaver (level 13, -4/70 (72) HPs)
             Began as a Vine Stalker Brigand on Sept 21, 2021.
             Was a High Priest of Fedhas.
             Shot with an arrow by a centaur (5 damage)
             ... on level 12 of the Dungeon on Sept 22, 2021.
             The game lasted 01:14:10 (11235 turns).

AlleluiaPinecone the Cleaver (VSBr)                Turns: 11235, Time: 01:14:11

HP:   -4/70 (72)    AC: 20    Str: 20    XL:     13   Next: 14%
MP:   0/14          EV:  7    Int: 11    God:    Fedhas [*****.]
Gold: 710           SH:  4    Dex: 21    Spells: 12/12 levels left

rFire   + . .      SeeInvis .   p - +9 broad axe "Zestew" {drain, *Rage Dex+4}
rCold   + . .      Faith    .   i - +0 buckler
rNeg    . . .      Spirit   +   q - +1 plate armour
rPois   .          Reflect  .   j - +2 hat
rElec   .          Harm     .   a - +2 cloak
rCorr   .          Rampage  .   (no gloves)
Will    +....      Rage     20% w - +0 pair of boots
Stlth   ..........              g - amulet of magic regeneration
HPRegen 1.21/turn               o - ring of protection from fire
MPRegen 0.39/turn               l - ring of protection from cold

@: lethally poisoned (-4 -> -6), flying, lightly drained
A: fangs 3, regeneration 1, magic shield, antimagic bite, no potion heal 2,
robust 1, strong 1
a: Renounce Religion, Wall of Briars, Grow Ballistomycete, Overgrow, Grow Oklob


You were on level 12 of the Dungeon.
You worshipped Fedhas.
Fedhas was extremely pleased with you.
You visited 2 branches of the dungeon, and saw 13 of its levels.
You also visited: Ice Cave.

You collected 849 gold pieces.
You spent 139 gold pieces at shops.

Inventory:

Hand Weapons
 p - the +9 broad axe "Zestew" (weapon) {drain, *Rage Dex+4}
   (You found it on level 5 of the Dungeon)

   A truly terrible weapon, it drains the life of any living foe it strikes.
   Dex:       It affects your dexterity (+4).
   *Rage:     It lets you go berserk by making a melee attack (+20% chance).
Missiles
 c - 5 boomerangs of dispersal
 d - 25 poisoned darts (quivered)
 e - 2 curare-tipped darts
Armour
 a - a +2 cloak (worn)
 i - a +0 buckler (worn)
 j - a +2 hat (worn)
 q - a +1 plate armour (worn)
 w - a +0 pair of boots (worn)
Jewellery
 g - an amulet of magic regeneration (around neck)
 l - a ring of protection from cold (right hand)
 o - a ring of protection from fire (left hand)
Wands
 s - a wand of acid (10)
 u - a wand of iceblast (4)
Scrolls
 b - 3 scrolls of enchant weapon
 f - 5 scrolls of identify
 h - 3 scrolls of magic mapping
 k - a scroll of holy word
 n - 4 scrolls of vulnerability
 r - 2 scrolls of brand weapon
 t - a scroll of amnesia
Potions
 m - 3 potions of curing
 v - a potion of magic


   Skills:
 + Level 6.6 Fighting
 - Level 3.1 Short Blades
 * Level 14.4 Axes
 + Level 7.4 Throwing
 * Level 7.0 Armour
 + Level 3.3 Dodging
 - Level 7.7 Stealth
 + Level 0.1 Shields
 + Level 0.1 Invocations
 + Level 1.3 Evocations


You had 12 spell levels left.
You didn't know any spells.
Your spell library contained the following spells:

 Spells                   Type           Power      Damage    Failure   Level
 Animate Skeleton         Necr           0%         N/A       100%        1
 Apportation              Tloc           0%         N/A       100%        1
 Pain                     Necr           0%         1d4       100%        1
 Summon Small Mammal      Summ           0%         N/A       100%        1
 Corpse Rot               Necr/Air       N/A        N/A       100%        2
 Poisonous Vapours        Pois/Air       0%         N/A       100%        2
 Call Canine Familiar     Summ           0%         N/A       100%        3
 Summon Guardian Golem    Hex/Summ       0%         N/A       100%        3
 Vampiric Draining        Necr           0%         2d6       100%        3
 Agony                    Necr           0%         N/A       100%        5
 Alistair's Intoxication  Tmut/Pois      0%         N/A       100%        5
 Borgnjor's Vile Clutch   Necr/Erth      0%         N/A       100%        5
 Excruciating Wounds      Necr           0%         N/A       100%        5
 Eringya's Noxious Bog    Tmut/Pois      0%         N/A       100%        6


Dungeon Overview and Level Annotations

Branches:
Dungeon (12/15)            Temple (1/1) D:5            Lair (0/6) D:10
  IceCv (visited)
    Orc: D:9-12

Altars:
Ashenzari
Elyvilon
Fedhas
Gozag
Hepliaklqana
Kikubaaqudgha
Makhleb
Nemelex Xobeh
Qazlal
Sif Muna
Trog
Uskayaw
Vehumet
Xom
Yredelemnul
The Shining One

Shops:
D:11 [

Annotations:
D:12 3 runed translucent doors


Innate Abilities, Weirdness & Mutations

You have razor-sharp teeth.
Your natural rate of healing is unusually fast.
When hurt, damage is shared between your health and your magic reserves.
Your bite disrupts and absorbs the magic of your enemies.
Potions cannot restore your health.
You are robust. (+10% HP)
Your muscles are strong. (Str +2)


Message History

d - 25 poisoned darts (gained 1)
There is a large open door here.
There is an open gate here.
There is an open gate here.
There is a large open door here.
The orc warrior shouts!
There's something in the way.
Found a dagger.
The tengu reaver shouts!
You hear a shout! x2
Found a gnarled jewelled staff.
You open the gate.
The tengu reaver hits you but does no damage.
The tengu reaver barely misses you.
The tengu reaver claws you but does no damage.
The centaur wields a +0 shortbow.
The centaur shoots an arrow.
You block the arrow.
The tengu reaver gestures at you while chanting.
The bolt of negative energy hits you!
You feel drained.
The orc warrior throws a boomerang.
The boomerang closely misses you.
The centaur shoots an arrow.
The arrow hits you.
The tengu reaver points at you and mumbles some strange words.
The bolt of poison hits you!!!
You are poisoned.
Ouch! That really hurt!
You feel very sick.
The centaur shoots an arrow.
The arrow barely misses you.
You feel very sick.
The centaur shoots an arrow.
The arrow hits you.
* * * LOW HITPOINT WARNING * * *
There is a large open door, spattered with blood here.
You feel very sick.
The centaur shoots an arrow.
The arrow barely misses you.
The orc warrior throws a boomerang.
The boomerang hits you!
* * * LOW HITPOINT WARNING * * *
You feel very buoyant.
You fly up into the air.
* * * LOW HITPOINT WARNING * * *
You feel sick.
The centaur shoots an arrow.
The arrow hits you.
You die...
Fedhas appreciates your contribution to the ecosystem.

......#..§§§§≈§§#.....#####.....
.o....'......≈≈≈####............
|)....'.......≈§§# #.###########
.[.....'....o...§§# #.#
§[.....#..o.....§§# #.#
≈≈≈≈...#....cQ..§§# #.#
§≈§§≈≈≈#.........§# #.#
###############''####.#
§≈≈§§≈≈§≈§≈≈≈≈≈.@..##.#
..§§§........)......#.#
.....)..)...........'.#
§...................'.#
≈§≈§§§..............'.#
§≈§§§≈≈≈§≈≈§........###
§≈≈§§≈≈≈≈§≈≈≈≈§≈≈§≈##
####################


You could see a tengu reaver, 2 orc warriors and a centaur.

Vanquished Creatures
  A boulder beetle (D:12)
  An ice dragon (D:12)
  Harold (D:7)
  8 two-headed ogres
  A deep elf pyromancer (D:8)
  2 cyclopes
  A manticore (D:12)
  The ghost of gowby the Conjurer, a novice BaFE (D:5)
  3 ugly things
  Joseph (D:8)
  An unseen horror (D:10)
  4 gargoyles
  3 trolls
  2 slime creatures
  A wyvern (D:10)
  3 shadows (D:10)
  20 yaks
  3 wraiths (D:12)
  A fire elemental (D:12)
  A steam dragon (D:8)
  5 vampire mosquitoes
  3 wargs (D:10)
  Duvessa (D:7)
  An acid dragon (D:11)
  A water moccasin (D:6)
  2 ice beasts
  A sky beast (D:7)
  5 orc warriors
  2 necrophages (D:10)
  4 centaurs
  A kobold brigand (D:9)
  A phantom (D:7)
  4 bullfrogs
  Dowan (D:7)
  2 gnoll sergeants
  A two-headed ogre simulacrum (D:11)
  A scorpion (D:4)
  A killer bee (D:10)
  A water moccasin skeleton (D:5)
  An elephant simulacrum (IceCv)
  14 wights
  2 howler monkeys (D:12)
  6 hounds
  A bullfrog zombie (D:6)
  9 centaur zombies
  A human zombie (D:10)
  3 gnoll shamans
  6 orc priests
  An iguana (D:5)
  17 orc wizards
  2 troll simulacra (D:11)
  2 polar bear simulacra (IceCv)
  2 wolf simulacra (IceCv)
  5 mummies (D:10)
  17 gnolls
  A naga simulacrum (D:11)
  5 adders
  A shadow imp (D:7)
  A white imp (D:8)
  An ufetubus (D:4)
  2 worms
  6 dart slugs
  31 orcs
  7 bats
  3 endoplasms
  6 giant cockroaches
  5 goblins
  5 hobgoblins
  10 kobolds
  7 quokkas
  3 ball pythons
  2 frilled lizards
  5 rats (D:1)
  A fire vortex (D:12)
288 creatures vanquished.

Vanquished Creatures (collateral kills)
  A manticore (D:12)
  A freezing wraith (D:12)
2 creatures vanquished.

Vanquished Creatures (others)
  17 plants
17 creatures vanquished.

Grand Total: 307 creatures vanquished

Notes
Turn   | Place    | Note
-------+----------+-------------------------------------------
     0 | D:1      | AlleluiaPinecone the Vine Stalker Brigand began the quest
                  | for the Orb.
     0 | D:1      | Reached XP level 1. HP: 11/11 MP: 2/2
    47 | D:1      | Reached skill level 1 in Dodging
   171 | D:1      | Reached skill level 5 in Stealth
   180 | D:1      | Reached XP level 2. HP: 15/15 MP: 1/3
   786 | D:1      | Found a faded altar of an unknown god.
  1310 | D:2      | Reached XP level 3. HP: 15/18 MP: 4/4
  2142 | D:3      | Gained mutation: Your natural rate of healing is unusually
                  | fast. [Vine Stalker growth]
  2142 | D:3      | Reached XP level 4. HP: 23/23 MP: 5/5
  2143 | D:3      | Gained mutation: You are robust. (+10% HP) [potion of
                  | mutation]
  2143 | D:3      | Gained mutation: Your muscles are strong. (Str +2) [potion
                  | of mutation]
  2238 | D:3      | Found an opulent altar of Gozag.
  2238 | D:3      | Found a hazy altar of Hepliaklqana.
  2980 | D:4      | Reached XP level 5. HP: 28/28 MP: 6/6
  3163 | D:4      | Reached XP level 6. HP: 35/35 MP: 7/7
  3669 | D:5      | Entered Level 5 of the Dungeon
  3673 | D:5      | Identified the +9 broad axe "Zestew" {drain, *Rage Dex+4}
  3976 | D:5      | Reached skill level 1 in Axes
  4040 | D:5      | Reached XP level 7. HP: 37/38 MP: 6/8
  4083 | D:5      | Found a staircase to the Ecumenical Temple.
  4096 | Temple   | Entered the Ecumenical Temple
  4175 | Temple   | Became a worshipper of Fedhas Madash
  4270 | D:5      | Reached skill level 2 in Axes
  4372 | D:5      | Found a runed translucent door.
  4378 | D:5      | Noticed gowby's ghost (novice BaFE)
  4747 | D:5      | Killed gowby's ghost
  4748 | D:5      | Reached skill level 4 in Axes
  4748 | D:5      | Gained mutation: You have razor-sharp teeth. [Vine Stalker
                  | growth]
  4748 | D:5      | Reached XP level 8. HP: 39/44 MP: 9/9
  4927 | D:6      | Reached skill level 1 in Armour
  5184 | D:6      | Reached skill level 5 in Axes
  5494 | D:7      | Noticed Dowan
  5495 | D:7      | Noticed Duvessa
  5516 | D:7      | Reached skill level 6 in Axes
  5519 | D:7      | Killed Duvessa
  5523 | D:7      | HP: 2/44 [poisoned by Duvessa]
  5712 | D:7      | Reached * piety under Fedhas
  5737 | D:7      | Reached XP level 9. HP: 48/48 MP: 10/10
  5750 | D:7      | Noticed Harold
  5778 | D:7      | Killed Harold
  5779 | D:7      | Reached skill level 7 in Axes
  5806 | D:7      | Killed Dowan
  5869 | D:7      | Reached skill level 8 in Axes
  6147 | D:8      | Noticed Joseph
  6152 | D:8      | Killed Joseph
  6214 | D:8      | Noticed a two-headed ogre
  6221 | D:8      | Killed a two-headed ogre
  6222 | D:8      | Reached skill level 9 in Axes
  6222 | D:8      | Reached XP level 10. HP: 56/56 MP: 7/11
  6231 | D:8      | Identified the +0 robe of the Stag {Drain rF+ Will+}
  6425 | D:8      | Reached ** piety under Fedhas
  6576 | D:8      | Reached skill level 10 in Axes
  6650 | D:8      | Noticed a deep elf pyromancer
  6666 | D:8      | Noticed a cyclops
  6679 | D:8      | Killed a cyclops
  6704 | D:8      | Killed a deep elf pyromancer
  7371 | D:9      | Reached skill level 5 in Throwing
  7374 | D:9      | Reached XP level 11. HP: 59/59 MP: 12/12
  7503 | D:9      | Reached *** piety under Fedhas
  7551 | D:9      | Reached skill level 11 in Axes
  8128 | D:10     | Entered Level 10 of the Dungeon
  8138 | D:10     | Reached skill level 5 in Fighting
  8297 | D:10     | Found a staircase to the Lair.
  8337 | D:10     | Reached **** piety under Fedhas
  8538 | D:10     | Reached skill level 12 in Axes
  8614 | D:10     | Reached skill level 5 in Armour
  8672 | D:10     | Noticed a two-headed ogre
  8677 | D:10     | Killed a two-headed ogre
  9047 | D:10     | Found an ancient bone altar of Kikubaaqudgha.
  9058 | D:10     | Reached XP level 12. HP: 66/66 MP: 13/13
  9179 | D:10     | Found a shimmering altar of Xom.
  9408 | D:11     | Found a frozen archway.
  9467 | IceCv    | Entered an ice cave
  9500 | IceCv    | Identified the +0 ring mail of Wigh {rPois rC- rN++ Will+}
  9511 | IceCv    | Reached skill level 13 in Axes
  9739 | D:11     | Reached ***** piety under Fedhas
  9767 | D:11     | Reached skill level 1 in Evocations
  9901 | D:11     | Found Niezix's Antique Armour Shop.
  9916 | D:11     | Bought a pair of boots for 139 gold pieces
 10497 | D:12     | Noticed a two-headed ogre
 10501 | D:12     | Noticed a two-headed ogre
 10504 | D:12     | Killed a two-headed ogre
 10508 | D:12     | Killed a two-headed ogre
 10725 | D:12     | Noticed a two-headed ogre
 10735 | D:12     | Killed a two-headed ogre
 10798 | D:12     | Noticed a boulder beetle
 10808 | D:12     | Noticed a two-headed ogre
 10811 | D:12     | Killed a boulder beetle
 10812 | D:12     | Reached skill level 14 in Axes
 10826 | D:12     | Killed a two-headed ogre
 10898 | D:12     | Found a runed translucent gate.
 10898 | D:12     | Found a runed translucent gate.
 10898 | D:12     | Found a runed translucent gate.
 10905 | D:12     | Noticed a tengu reaver
 10907 | D:12     | Noticed a tengu reaver
 10952 | D:12     | Noticed a fire giant
 10965 | D:12     | Reached XP level 13. HP: 71/71 MP: 14/14
 11217 | D:12     | Found a runed translucent gate.
 11217 | D:12     | Found a runed translucent gate.
 11217 | D:12     | Found a runed translucent gate.
 11234 | D:12     | HP: 1/70 [orc warrior/boomerang (9)]
 11235 | D:12     | Shot with an arrow by a centaur

Illustrated notes

Levels and vault maps discovered:
D:1:      dpeg_arrival_erosion, layout_loops_ring,
          shapermc_ecumenical_altar_petra
D:2:      layout_rooms
D:3:      layout_basic, jmf_multi_god_temple
D:4:      layout_basic, serial_forest, infiniplex_forest_clump_tiny,
          infiniplex_forest_clump_large, infiniplex_forest_end_2,
          infiniplex_forest_straight_2, infiniplex_forest_diagonal,
          infiniplex_forest_fountain, infiniplex_forest_clump_double
D:5:      layout_loops_ring, minmay_temple_entry_drinking_statues,
          ebering_ghost_reflecting_pool, minmay_misc_feat_plants,
          kennysheep_generic_room_8
D:6:      layout_loops_ring
D:7:      layout_cave_pools, serial_bayou_pond_c, abandoned_shop, uniq_duvessa,
          uniq_harold
D:8:      layout_basic, kb_rosetta, uniq_joseph
D:9:      layout_loops_ring
D:10:     layout_stronghold, mainiacjoe_overflow_alcove_4,
          lemuel_mausoleum_altar_kikubaaqudgha, erik_lair_orcish_takeover,
          hangedman_corner_corridor
D:11:     layout_irregular_city, serial_shops, shop,
          portal_ice_cave_entry_ice_simulacra
D:12:     kennysheep_treasure_stockpile, layout_gridville, orc_david_3
Temple:   hc_temple_tempest_star

Skill      XL: |  1  2  3  4  5  6  7  8  9 10 11 12 13 |
---------------+----------------------------------------+-----
Dodging        | 1 2 3 |  3.3
Stealth        | 5 6 7 |  7.7
Short Blades   | 2 3 |  3.1
Fighting       | 2 3 4 5 6 |  6.6
Throwing       | 2 3 5 6 7 |  7.4
Axes           | 1 4 6 9 10 12 14 | 14.4
Armour         | 2 3 4 5 6 7 |  7.0
Evocations     | 1 |  1.3
Shields        | |  0.1
Invocations    | |  0.1

Action                   |  1- 3 |  4- 6 |  7- 9 | 10-12 | 13-15 || total
-------------------------+-------+-------+-------+-------+-------++-------
Melee: Dagger            |    97 |   130 |       |       |       ||   227
       Bite              |    16 |    48 |    29 |   158 |    15 ||   266
       Broad axe         |       |    11 |   105 |   391 |    29 ||   536
Throw: Dart              |       |     5 |    19 |   244 |    11 ||   279
Invok: Wall of Briars    |       |       |       |     1 |       ||     1
Evoke: Wand              |       |       |       |    13 |       ||    13
  Use: Potion            |     2 |     1 |     4 |     8 |     1 ||    16
       Scroll            |     1 |     2 |     5 |     6 |       ||    14
 Stab: Sleeping          |    10 |    12 |       |       |       ||    22
Armor: Robe              |    43 |    30 |       |       |       ||    73
       Plate armour      |       |       |    85 |   243 |    27 ||   355
Dodge: Dodged            |    44 |    76 |    35 |   119 |    20 ||   294
Block: Buckler           |       |       |       |       |     5 ||     5

Table legend: (Time is in decaauts)
 A = Elapsed time spent in this place.
 B = Non-inter-level travel time spent in this place.
 C = Inter-level travel time spent in this place.
 D = Time resting spent in this place.
 E = Time spent auto-exploring this place.
 F = Levels seen in this place.
 G = Mean time per level.
                   A        B        C        D        E       F      G
               +--------+--------+--------+--------+--------+-----+--------+
         Total |  11647 |  11464 |    183 |   1018 |   6719 |  14 |  831.9 |
       Dungeon |  11420 |  11237 |    183 |   1011 |   6703 |  12 |  951.7 |
        Temple |     97 |     97 |      0 |      0 |      0 |   1 |   97.0 |
      Ice Cave |    129 |    129 |      0 |      7 |     16 |   1 |  129.0 |
               +--------+--------+--------+--------+--------+-----+--------+

Top non-repeatable levels by time:
     D:8: 1240 daAuts
    D:10: 1236 daAuts
     D:2: 1085 daAuts
     D:5: 1068 daAuts
     D:1: 1020 daAuts
    D:12: 983 daAuts
    D:11: 933 daAuts
     D:9: 864 daAuts
     D:4: 841 daAuts
     D:7: 741 daAuts
     D:6: 728 daAuts
     D:3: 677 daAuts
   IceCv: 129 daAuts
  Temple: 97 daAuts
